AoeStats
← CallMeDad

Arabian Desert

510442230Analyzed
1v1 RM · 1d ago on Oct 1, 2026· 43m 57s· 2 players
Game mode
Random Map
Map size
Tiny (2 player)
Population
200
Speed
Normal
Resources
Standard
Victory
Conquest
Starting age
Dark Age
Ending age
Imperial Age
RankedLock teamsTeams togetherTeam positionsShared explorationLock speedFull tech treeHidden civsTurbo modeCheats
Victory
Defeat
🇻🇪 Teutons · Venezuela
421
+12
🇺🇸 Chinese · United States
338
-12
CallMeDad
9:01 Loom
11:24 Feudal Age
14:16 Gold Mining
15:17 Double-Bit Axe
17:36 Padded Archer Armor
17:27 Fletching
21:40 Forging
21:52 Horse Collar
24:55 Castle Age
27:13 Thumb Ring
26:32 Crossbowman
29:14 Bodkin Arrow
30:26 Bow Saw
35:08 Iron Casting
37:53 Squires
37:15 Pikeman
43:36 Imperial Age
gerligps
0:35 Loom
11:35 Feudal Age
12:58 Wheelbarrow
12:14 Double-Bit Axe
12:23 Horse Collar
12:47 Town Watch
18:39 Gold Mining
21:51 Castle Age
21:07 Fletching
21:28 Forging
21:23 Stone Mining
23:07 Town Patrol
25:02 Squires
26:33 Hand Cart
28:17 Heavy Plow
32:41 Bow Saw
35:28 Imperial Age
34:48 Bloodlines
35:43 Scale Barding Armor
35:22 Elite Skirmisher
36:57 Stone Shaft Mining
36:43 Bodkin Arrow
38:33 Conscription
40:25 Iron Casting
40:57 Chain Barding Armor
44:15 Two-Man Saw
Connection lost

Rejoining the realm…

Still unreachable

The connection could not be restored.

Session expired

The server has moved on; the page needs a fresh start.